 Dungeon Crawl Stone Soup version 0.21.1-1-g345015f (webtiles) character file.

79081 infcreate the Severer (level 15, -11/141 HPs)
             Began as a Minotaur Fighter on May 28, 2018.
             Was the Champion of the Shining One.
             Killed from afar by Nikola (16 damage)
             ... with a chain lightning
             ... on level 2 of the Elven Halls.
             The game lasted 01:41:39 (17050 turns).

infcreate the Severer (Minotaur Fighter)           Turns: 17050, Time: 01:41:40

Health: -11/141    AC: 27    Str: 31    XL:     15   Next: 20%
Magic:  14/16      EV: 11    Int:  5    God:    the Shining One [******]
Gold:   290        SH: 22    Dex: 10    Spells: 14/14 levels left

rFire    + . .     SeeInvis .   o - +3 war axe (elec)
rCold    . . .     Gourm    .   c - +0 shield
rNeg     + + +     Faith    .   C - +6 chain mail "Teippy" {rF+ Str+4}
rPois    +         Spirit   .   D - +2 hat
rElec    .         Reflect  .   M - scarf {repulsion}
rCorr    .         Harm     .   l - +2 pair of gloves
MR       +....                  (no boots)
Stlth    ..........             J - amulet of regeneration
HPRegen  0.73/turn              P - ring of poison resistance
MPRegen  0.15/turn              h - +4 ring of protection

@: divine shield, glowing, studying Axes, repel missiles
A: retaliatory headbutt, horns 2
a: Divine Shield, Cleansing Flame, Summon Divine Warrior, Brand Weapon With Holy
Wrath, Renounce Religion


You were on level 2 of the Elven Halls.
You worshipped the Shining One.
The Shining One was exalted by your worship.
You were hungry.

You visited 4 branches of the dungeon, and saw 21 of its levels.

You collected 1835 gold pieces.
You spent 1545 gold pieces at shops.

Inventory:

Hand Weapons
 o - a +3 war axe of electrocution (weapon)
Armour
 c - a +0 shield (worn)
 l - a +2 pair of gloves (worn)
 A - the +8 chain mail of the Elven Halls {rC++}
   (You found it on level 6 of the Dungeon)

   It greatly protects you from cold.
 C - the +6 chain mail "Teippy" (worn) {rF+ Str+4}
   (You found it on level 7 of the Dungeon)

   It affects your strength (+4).
   It protects you from fire.
 D - a +2 hat (worn)
 M - a scarf of repulsion (worn)
Jewellery
 h - a +4 ring of protection (right hand)
 m - an uncursed ring of resist corrosion
 J - an amulet of regeneration (around neck)
 P - a ring of poison resistance (left hand)
Wands
 Q - a wand of digging (9)
Scrolls
 b - a scroll of immolation
 e - 9 scrolls of teleportation
 g - 2 scrolls of fog
 j - 4 scrolls of random uselessness
 n - 3 scrolls of magic mapping
 q - 12 scrolls of remove curse
 r - 2 scrolls of blinking
 s - a scroll of enchant armour
 u - 3 scrolls of fear
 B - a scroll of noise {unknown}
 I - a scroll of silence {unknown}
 K - 7 scrolls of identify
 L - 4 scrolls of amnesia
Potions
 d - 2 potions of might
 i - 2 potions of berserk rage {unknown}
 k - a potion of flight {unknown}
 p - 3 potions of haste
 t - 5 potions of brilliance
 v - 5 potions of mutation
 w - a potion of degeneration {unknown}
 x - 2 potions of cancellation
 z - 6 potions of curing
 E - 2 potions of lignification {unknown}
 F - 2 potions of magic
 G - 3 potions of ambrosia
 H - a potion of agility {unknown}
 N - a potion of resistance {unknown}
 O - a potion of heal wounds {unknown}
Books
 a - a manual of Axes
Comestibles
 f - 31 rations


   Skills:
 + Level 15.2 Fighting
 + Level 19.5 Axes
 + Level 12.1 Armour
 + Level 5.8 Dodging
 + Level 1.6 Stealth
 + Level 15.4 Shields
 + Level 3.1 Invocations


You had 14 spell levels left.
You didn't know any spells.

Dungeon Overview and Level Annotations

Branches:
Dungeon (11/15)            Temple (0/1) D:7            Lair (6/6) D:9
 Shoals (0/4) Lair:2       Spider (0/4) Lair:3        Slime (0/5) Lair:6
    Orc (2/2) D:9             Elf (2/3) Orc:2

Altars:
Cheibriados
Elyvilon
Fedhas
Kikubaaqudgha
Makhleb
Okawaru
Ru
Sif Muna
Uskayaw
Vehumet
Wu Jian
Xom
Yredelemnul
Zin
The Shining One
Jiyva

Shops:
Orc:2 ::*?

Annotations:
Elf:2 Nikola


Innate Abilities, Weirdness & Mutations

You reflexively headbutt those who attack you in melee.
You have a pair of horns on your head.


Message History

The fire elemental resists.
The lightning arc hits you!
* * * LOW HITPOINT WARNING * * *
The lightning arc hits Nikola.
You hear a shout!
You slash Nikola! Lightning courses through Nikola! You headbutt Nikola.
Nikola is severely wounded.
You slash the fire elemental!
You destroy the fire elemental!
Nikola hits you but does no damage.
You completely miss Nikola.
Nikola is severely wounded.
You slash Nikola!
Nikola is severely wounded.
Nikola mumbles, "Hm, I wonder if you're conductive."
Nikola casts a spell.
You hear a mighty clap of thunder!
The lightning arc hits you!
* * * LOW HITPOINT WARNING * * *
The lightning arc hits Nikola.
The lightning arc hits you!
You die...

#.....# ##'## ##.
##...## #...# ##
#...# ###...### ##
##### #.......####(
#.....:.'..'.
#.......####.
####...### ##
#############.)....#
##
........@@..#)######
##) ...........)..#
####(#
.#..#...#..#..#
##.#'##
..............#
##..)##
.#..#...#..#.##
#.).).#
.............#
##)..##
............##
##.)## #############
###)## ##.#


You could see Nikola.

Vanquished Creatures
  Gastronok (Lair:3)
  A deep elf annihilator (Elf:1)
  A deep elf death mage (Elf:2)
  Snorg (Lair:3)
  A deep elf high priest (Elf:1)
  3 hydras
  A catoblepas (Lair:4)
  A centaur warrior (Orc:2)
  2 two-headed ogres
  8 dancing weapons
  2 orc high priests
  Urug (Lair:3)
  The ghost of Jawreze the Magician, a novice DsWz of Vehumet (Lair:1)
  5 deep elf knights
  12 deep elf archers
  34 deep elf magi
  An oklob plant (Lair:5)
  2 orc sorcerers
  A salamander (shapeshifter) (Elf:1)
  4 black mambas
  5 elephants (Lair:6)
  A centaur zombie (D:11)
  A gargoyle (D:11)
  17 spiny frogs
  13 komodo dragons
  2 rime drakes
  2 jumping spiders (Lair:3)
  A troll (Orc:1)
  3 polar bears (Lair:1)
  5 tyrant leeches (Lair:6)
  14 blink frogs
  4 hippogriffs
  An air elemental (Elf:1)
  A spriggan (D:8)
  2 redbacks (Lair:3)
  A fire elemental (Elf:2)
  29 yaks
  2 wraiths
  A hungry ghost (D:9)
  2 basilisks
  Grum (D:8)
  6 vampire mosquitoes (Lair:6)
  2 wargs (Orc:2)
  10 water moccasins
  4 porcupines
  An eye of draining (D:10)
  4 ice beasts
  3 phantoms
  A black bear (D:10)
  2 necrophages
  38 orc warriors
  A hornet zombie (D:11)
  5 sky beasts
  12 ogres
  10 centaurs
  7 wolves
  11 crocodiles
  Blork the orc (D:4)
  2 big kobolds
  20 bullfrogs
  A wyvern zombie (D:9)
  A gnoll sergeant (D:6)
  An earth elemental (Elf:1)
  A water moccasin zombie (D:8)
  2 scorpions
  A water moccasin skeleton (D:6)
  4 killer bees
  6 wights
  A howler monkey (D:4)
  4 electric eels
  4 crimson imps
  A quasit (D:11)
  2 bullfrog zombies
  10 hounds
  9 orc priests
  2 bullfrog skeletons (D:9)
  3 jellies
  3 centaur skeletons
  16 orc wizards
  5 iguanas
  8 worker ants
  2 hound zombies
  A howler monkey zombie (D:7)
  21 gnolls
  3 worker ant zombies
  13 adders
  4 oozes
  An adder zombie (D:7)
  An adder skeleton (D:5)
  6 worms
  4 dart slugs
  4 leopard geckos
  64 orcs
  9 bats
  6 giant cockroaches
  5 goblins
  7 hobgoblins
  7 jackals (D:1)
  2 quokkas
  A ball python (D:3)
  6 frilled lizards
  2 gnoll zombies (D:4)
  17 kobolds
  A leopard gecko skeleton (D:4)
  2 quokka skeletons
  A quokka zombie (D:7)
  7 rats
  4 fungi
  13 plants
630 creatures vanquished.

Vanquished Creatures (others)
  A soldier ant (shapeshifter) (Elf:1)
  An orc priest (D:8)
  An orc wizard (D:8)
  An orc (D:8)
  15 fungi
  28 plants
47 creatures vanquished.

Grand Total: 677 creatures vanquished

Notes
Turn   | Place    | Note
-------+----------+-------------------------------------------
     0 | D:1      | infcreate the Minotaur Fighter began the quest for the Orb.
     0 | D:1      | Reached XP level 1. HP: 19/19 MP: 0/0
   106 | D:1      | Reached XP level 2. HP: 25/27 MP: 1/1
   408 | D:1      | Reached XP level 3. HP: 29/33 MP: 2/2
   865 | D:1      | Reached skill level 3 in Axes
  1143 | D:2      | Found an ancient bone altar of Kikubaaqudgha.
  1143 | D:2      | Found an ornate altar of the Wu Jian Council.
  1249 | D:2      | Reached XP level 4. HP: 40/40 MP: 3/3
  1288 | D:2      | Found a sacrificial altar of Ru.
  1424 | D:2      | Found a deep blue altar of Sif Muna.
  2112 | D:3      | Reached skill level 4 in Axes
  2112 | D:3      | Reached XP level 5. HP: 44/47 MP: 4/4
  2588 | D:4      | Reached skill level 1 in Dodging
  2589 | D:4      | Noticed Blork the orc
  2601 | D:4      | Killed Blork the orc
  2601 | D:4      | Reached skill level 5 in Axes
  2601 | D:4      | Reached skill level 5 in Armour
  2601 | D:4      | Reached skill level 5 in Shields
  2601 | D:4      | Reached XP level 6. HP: 45/53 MP: 5/5
  2616 | D:4      | Found a glowing golden altar of the Shining One.
  2616 | D:4      | Found a white marble altar of Elyvilon.
  2617 | D:4      | Found a glowing silver altar of Zin.
  2624 | D:4      | Became a worshipper of the Shining One
  2719 | D:4      | Found a basalt altar of Yredelemnul.
  2861 | D:5      | Entered Level 5 of the Dungeon
  2973 | D:5      | Reached skill level 6 in Axes
  3057 | D:5      | Found a snail-covered altar of Cheibriados.
  3155 | D:5      | Noticed an ice beast
  3163 | D:5      | Killed an ice beast
  3163 | D:5      | Reached XP level 7. HP: 60/60 MP: 6/6
  3490 | D:5      | Reached skill level 7 in Axes
  3770 | D:6      | Reached skill level 5 in Fighting
  3918 | D:6      | Reached XP level 8. HP: 57/68 MP: 7/7
  3928 | D:6      | Reached skill level 8 in Axes
  4088 | D:6      | Found a blossoming altar of Fedhas.
  4096 | D:6      | Reached * piety under the Shining One
  4140 | D:6      | Reached skill level 9 in Axes
  4157 | D:6      | Got a fine chain mail
  4168 | D:6      | Identified the +8 chain mail of the Elven Halls {rC++} (You found it on level 6 of the Dungeon)
  4598 | D:7      | Got a faintly glowing chain mail
  4599 | D:7      | Identified the +6 chain mail "Teippy" {rF+ Str+4} (You found it on level 7 of the Dungeon)
  4647 | D:7      | Found a staircase to the Ecumenical Temple.
  4752 | D:7      | Reached XP level 9. HP: 78/78 MP: 8/8
  4831 | D:7      | Reached skill level 10 in Axes
  5164 | D:7      | Reached ** piety under the Shining One
  5366 | D:8      | Reached skill level 11 in Axes
  5574 | D:8      | Found a radiant altar of Vehumet.
  5777 | D:8      | Found an iron altar of Okawaru.
  5778 | D:8      | Noticed Grum
  5785 | D:8      | Killed Grum
  5901 | D:8      | Reached XP level 10. HP: 88/88 MP: 9/9
  5952 | D:8      | Noticed a two-headed ogre
  5961 | D:8      | Killed a two-headed ogre
  5961 | D:8      | Reached skill level 12 in Axes
  5961 | D:8      | Reached skill level 1 in Stealth
  6020 | D:8      | Found an iron altar of Okawaru.
  6546 | D:9      | Found a hide-covered altar of Uskayaw.
  6553 | D:9      | Reached *** piety under the Shining One
  6671 | D:9      | Noticed a two-headed ogre
  6682 | D:9      | Killed a two-headed ogre
  6914 | D:9      | Reached skill level 13 in Axes
  7152 | D:9      | Found a staircase to the Orcish Mines.
  7356 | D:9      | Found a staircase to the Lair.
  7674 | D:10     | Entered Level 10 of the Dungeon
  7732 | D:10     | Found an ancient bone altar of Kikubaaqudgha.
  7734 | D:10     | Found an ornate altar of the Wu Jian Council.
  7734 | D:10     | Found an ornate altar of the Wu Jian Council.
  7736 | D:10     | Found a burning altar of Makhleb.
  7736 | D:10     | Found an ancient bone altar of Kikubaaqudgha.
  7736 | D:10     | Found a shimmering altar of Xom.
  7885 | D:10     | Reached XP level 11. HP: 89/97 MP: 10/10
  8035 | D:10     | Reached **** piety under the Shining One
  8544 | D:10     | Reached skill level 14 in Axes
  8893 | D:11     | Reached skill level 10 in Shields
  9287 | D:11     | Found the +0 sword of Power
  9584 | Lair:1   | Entered Level 1 of the Lair of Beasts
  9701 | Lair:1   | Noticed Jawreze's ghost (novice DsWz)
  9725 | Lair:1   | Killed Jawreze's ghost
 10017 | Lair:1   | Reached skill level 15 in Axes
 10322 | Lair:2   | Reached skill level 1 in Invocations
 10659 | Lair:2   | Reached ***** piety under the Shining One
 10664 | Lair:2   | Reached skill level 10 in Fighting
 10672 | Lair:2   | Reached XP level 12. HP: 100/106 MP: 10/12
 10732 | Lair:2   | Found a staircase to the Shoals.
 11098 | Lair:3   | Noticed Gastronok
 11110 | Lair:3   | Killed Gastronok
 11110 | Lair:3   | Reached skill level 16 in Axes
 11230 | Lair:3   | Noticed Snorg
 11239 | Lair:3   | Killed Snorg
 11572 | Lair:3   | Found a hole to the Spider Nest.
 11697 | Lair:3   | Noticed Urug
 11708 | Lair:3   | Killed Urug
 11708 | Lair:3   | Reached skill level 10 in Armour
 11748 | Lair:4   | Noticed a four-headed hydra
 11764 | Lair:4   | Killed a 12-headed hydra
 11996 | Lair:4   | Noticed a catoblepas
 12007 | Lair:4   | Killed a catoblepas
 12933 | Lair:5   | Reached XP level 13. HP: 116/116 MP: 13/13
 13417 | Lair:6   | Entered Level 6 of the Lair of Beasts
 13536 | Lair:6   | Reached skill level 5 in Dodging
 13564 | Lair:6   | Reached skill level 17 in Axes
 13664 | Lair:6   | Found a staircase to the Slime Pits.
 13664 | Lair:6   | Found a viscous altar of Jiyva.
 14548 | Orc:1    | Entered Level 1 of the Orcish Mines
 14587 | Orc:1    | Paralysed by an orc sorcerer for 2 turns
 14741 | Orc:2    | Entered Level 2 of the Orcish Mines
 14892 | Orc:2    | Found a staircase to the Elven Halls.
 14960 | Orc:2    | Reached XP level 14. HP: 129/129 MP: 14/14
 15091 | Orc:2    | Reached ****** piety under the Shining One
 15199 | Orc:2    | Found Arigaewn's General Store.
 15199 | Orc:2    | Found Keliub's Book Emporium.
 15201 | Orc:2    | Found Gyeb's Book Shoppe.
 15203 | Orc:2    | Found Huannuih's Magic Scroll Boutique.
 15344 | Orc:2    | Bought a manual of Axes for 1545 gold pieces
 15378 | Elf:1    | Entered Level 1 of the Elven Halls
 15632 | Elf:1    | Reached skill level 18 in Axes
 16082 | Elf:1    | Reached skill level 19 in Axes
 16134 | Elf:1    | Identified Qivvapon's Tome of Attacks
 16806 | Elf:2    | Reached skill level 15 in Shields
 16820 | Elf:2    | Reached XP level 15. HP: 128/139 MP: 16/16
 16854 | Elf:2    | Reached skill level 15 in Fighting
 17034 | Elf:2    | Noticed Nikola
 17050 | Elf:2    | HP: 5/141 [Nikola/chain lightning (18)]
 17050 | Elf:2    | Killed from afar by Nikola

Skill      XL: |  1  2  3  4  5  6  7  8  9 10 11 12 13 14 15 |
---------------+----------------------------------------------+-----
Shields        | 4 5 6 8 9 10 12 13 15 | 15.4
Armour         | 4 5 6 7 9 10 11 12 | 12.1
Fighting       | 4 5 6 8 9 10 11 13 14 15 | 15.2
Axes           | 3 4 5 6 7 9 11 13 15 16 17 19 | 19.5
Dodging        | 1 2 3 4 5 |  5.8
Stealth        | 1 |  1.6
Invocations    | 1 2 3 |  3.1

Action                   |  1- 3 |  4- 6 |  7- 9 | 10-12 | 13-15 || total
-------------------------+-------+-------+-------+-------+-------++-------
Melee: War axe           |    86 |   122 |   241 |   591 |   613 ||  1653
       Headbutt          |    11 |    26 |    45 |   145 |   113 ||   340
Invok: Divine Shield     |       |       |       |     4 |     4 ||     8
       Cleansing Flame   |       |       |       |     1 |     3 ||     4
  Use: Scroll            |       |       |     3 |    12 |     9 ||    24
       Potion            |       |       |       |     1 |     4 ||     5
  Eat: Chunk             |     1 |     6 |     9 |    19 |    14 ||    49
       Ration            |       |       |       |     2 |       ||     2
Armor: Scale mail        |    46 |    49 |    22 |       |       ||   117
       Chain mail        |       |       |    51 |   216 |   236 ||   503
Dodge: Dodged            |    29 |    25 |    58 |   119 |   158 ||   389
       Deflected         |       |       |       |     1 |    39 ||    40
Block: Shield            |    60 |    52 |   114 |   291 |   381 ||   898
